Map: Lerilak Crest

Players

Zanith - Winner!

  • Race: Zerg Zerg
  • League: Silver

LilDicky

  • Race: Protoss Protoss
  • League: Diamond

VOD

http://www.twitch.tv/tumescentpie

Description

Time

  • Played on: Jan. 4, 2016, 11:28 p.m.
  • Length: 8:20
Show
View Real Time Build Order
Export as new Build Order

Zanith Zerg - Winner!

Build Orders: Pool First 

Get SALT Encoding   

  12  0:04  Extractor  
  11  0:21  Spawning Pool  
  11  0:27  Drone  
  11  0:32  Drone  
  12  0:39  Drone  
  13  0:45  Drone  
  14  0:58  Overlord  
  14  1:08  Metabolic Boost  
  14  1:17  Zergling x2  
  14  1:18  Zergling x2  
  16  1:23  Zergling x2  
  17  1:31  Zergling x2  
  18  1:43  Zergling x2  
  19  1:48  Queen  
  19  1:53  Overlord  
  21  2:15  Zergling x2  
  21  2:16  Zergling x2  
  23  2:27  Overlord  
  22  2:39  Zergling x2  
  22  2:53  Zergling x2  
  23  3:05  Zergling x4  
  23  3:06  Zergling x2  
  23  3:17  Zergling x2  
  23  3:23  Baneling Nest  
  22  3:30  Zergling x4  
  24  4:02  Drone x4  
  25  4:12  Zergling x2  
  23  4:32  Hatchery  
  23  4:33  Drone x2  
  23  4:34  Drone x2  
  26  4:39  Roach Warren  
  26  4:40  Extractor  
  24  4:50  Drone x4  
  28  5:00  Overlord  
  28  5:20  Drone  
  28  5:21  Drone x3  
  32  5:29  Lair  
  32  5:30  Overlord  
  32  5:41  Roach  
  34  5:59  Spine Crawler  
  34  6:01  Roach x5  
  34  6:02  Spore Crawler, Roach  
  44  6:15  Roach  
  44  6:17  Ravager  
  47  6:21  Ravager x2  
  47  6:24  Drone x2  
  51  6:27  Ravager  
  51  6:28  Ravager x2  
  51  6:29  Ravager  
  51  7:12  Roach  
  51  7:13  Roach x3  
  51  7:14  Roach x3  
  60  7:20  Roach  
  56  7:29  Roach  
  60  7:30  Roach  
  60  7:43  Extractor  
  59  7:44  Extractor  
  58  7:55  Drone x2  
  58  8:07  Hatchery  
Show
View Real Time Build Order
Export as new Build Order

LilDicky Protoss 

Build Orders: 1 Gate Expand 

Get SALT Encoding   

  12  0:02  Probe (Chrono Boost)  
  13  0:13  Probe (Chrono Boost)  
  14  0:17  Pylon  
  14  0:24  Probe (Chrono Boost)  
  16  0:35  Probe (Chrono Boost)  
  16  0:45  Gateway  
  16  0:48  Probe (Chrono Boost)  
  17  0:59  Probe (Chrono Boost)  
  18  1:14  Probe (Chrono Boost)  
  19  1:18  Nexus  
  19  1:26  Probe (Chrono Boost)  
  20  1:34  Cybernetics Core  
  20  1:41  Pylon  
  20  1:46  Probe (Chrono Boost)  
  21  1:48  Assimilator  
  21  1:57  Probe (Chrono Boost)  
  22  2:03  Zealot  
  22  2:07  Probe (Chrono Boost)  
  25  2:19  Probe (Chrono Boost)  
  26  2:25  Assimilator  
  26  2:30  Zealot  
  23  2:56  Pylon  
  21  3:12  Probe (Chrono Boost)  
  21  3:15  Probe (Chrono Boost)  
  20  3:25  Mothership Core (Chrono Boost)  
  22  3:32  Stalker  
  24  3:39  Pylon  
  24  3:42  Pylon  
  24  3:45  Pylon  
  23  4:11  Gateway  
  23  4:12  Probe x2 (Chrono Boost), Gateway  
  23  4:14  Gateway  
  25  4:22  Probe (Chrono Boost)  
  26  4:36  Warp Gate (Chrono Boost)  
  26  4:43  Adept  
  28  5:04  Adept x3  
  34  5:13  Probe  
  35  5:16  Adept  
  37  5:34  Adept x3  
  43  5:49  Pylon  
  43  5:58  Probe  
  43  6:01  Pylon  
  44  6:10  Probe (Chrono Boost)  
  45  6:22  Probe (Chrono Boost)  
  45  6:25  Adept x4  
  54  6:42  Pylon  
  37  7:28  Nexus  
  37  7:29  Adept x2  
  41  7:30  Adept x2  
  45  7:37  Pylon  
  45  7:39  Mothership Core (Chrono Boost)  
  41  7:52  Zealot x2  
  41  7:53  Zealot x2  
  41  7:57  Probe (Chrono Boost)  
Tags
 
Add a new tag
Caveats
  • Supply blocks, unpowered buildings, or Contaminate may cause inaccurate times.
  • Supply counts are checked every 10 seconds.